 Dungeon Crawl Stone Soup version 0.24.0-3-g28a8eb0610 (webtiles) character file.

Game seed: 13433266065703546666, levelgen mode: deterministic

144 Mrkan the Skirmisher (level 5, -2/85 HPs)
             Began as an Ogre Berserker on Nov 1, 2019.
             Was a Believer of Trog.
             Slain by an orc wizard
             ... wielding a +0 dagger
              (3 damage)
             ... on level 3 of the Dungeon.
             The game lasted 00:03:14 (2362 turns).

Mrkan the Skirmisher (Ogre Berserker)               Turns: 2362, Time: 00:03:15

Health: -2/85      AC:  3    Str: 26    XL:     5   Next: 26%
Magic:  5/5        EV: 10    Int:  9    God:    Trog [**....]
Gold:   119        SH:  0    Dex:  8    Spells: 4/4 levels left

rFire    . . .     SeeInvis .   a - +0 mace
rCold    . . .     Gourm    .   (no shield)
rNeg     . . .     Faith    .   b - +0 animal skin
rPois    .         Spirit   .   (helmet restricted)
rElec    .         Reflect  .   (no cloak)
rCorr    .         Harm     .   (gloves unavailable)
MR       .....                  (boots unavailable)
Stlth    ..........             (no amulet)
HPRegen  0.24/turn              (no ring)
MPRegen  0.09/turn              (no ring)

@: berserking (expiring), very quick
A: large, unfitting armour, tough skin 1
a: Berserk, Trog's Hand, Renounce Religion


You were on level 3 of the Dungeon.
You worshipped Trog.
Trog was pleased with you.
You were very hungry.

You visited 1 branch of the dungeon, and saw 3 of its levels.

You collected 119 gold pieces.

Inventory:

Hand Weapons
 a - a +0 mace (weapon)
Armour
 b - a +0 animal skin (worn)
Scrolls
 d - 3 scrolls of identify {unknown}
 e - a scroll of enchant armour {unknown}
 g - a scroll of magic mapping {unknown}
 h - 2 scrolls of amnesia {unknown}
 j - 3 scrolls of remove curse {unknown}
 k - a scroll of fog {unknown}
 l - a scroll of enchant weapon {unknown}
 q - a scroll of fear {unknown}
Potions
 f - a potion of flight {unknown}
 i - a potion of might {unknown}
 n - 2 potions of cancellation {unknown}
 o - a potion of magic {unknown}
 p - a potion of haste {unknown}
Comestibles
 c - 3 rations
 m - 5 chunks of flesh


   Skills:
 + Level 5.4 Fighting
 * Level 4.6 Maces & Flails
 - Level 2.6 Dodging


You had 4 spell levels left.
You didn't know any spells.
Your spell library was empty.

Dungeon Overview and Level Annotations

Branches:
Dungeon (3/15)

Altars:
Dithmenos


Innate Abilities, Weirdness & Mutations

You are too large for most types of armour.
You have tough skin. (AC +1)


Message History

The orc is heavily wounded.
The orc hits you but does no damage.
You barely miss the orc.
The orc is heavily wounded.
You closely miss the orc.
The orc is heavily wounded.
The orc hits you with a +0 club.
* * * LOW HITPOINT WARNING * * *
You thump the orc!
You kill the orc!
Trog accepts your kill. The orc wizard completely misses you.
Items here: $ )))) ? [ ÷ † You closely miss the orc wizard.
The orc wizard casts a spell at you. The magic dart hits you!
* * * LOW HITPOINT WARNING * * *
You barely miss the orc wizard.
The orc wizard hits you with a +0 dagger.
You die...

# # .##.#
###....##
#o..>....
#@#..#### #)#..#
#.#.... #[#.# ..
#.#.# ..
####)#.##..##
####...........#
#..[....?.........
######.#######.#..


You could see an orc wizard.

Vanquished Creatures
  An orc priest (D:3)
  2 adders (D:2)
  A gnoll (D:1)
  An ooze (D:1)
  5 worms
  2 dart slugs
  3 leopard geckos (D:2)
  5 orcs (D:3)
  6 bats
  10 goblins
  4 hobgoblins
  6 jackals (D:3)
  A quokka (D:2)
  2 frilled lizards (D:1)
  6 kobolds
  2 rats (D:1)
57 creatures vanquished.

Notes
Turn   | Place    | Note
-------+----------+-------------------------------------------
     0 | D:1      | Mrkan the Ogre Berserker began the quest for the Orb.
     0 | D:1      | Reached XP level 1. HP: 24/24 MP: 1/1
   157 | D:1      | Reached XP level 2. HP: 32/32 MP: 2/2
   467 | D:1      | Reached XP level 3. HP: 40/40 MP: 3/3
   976 | D:2      | Reached ** piety under Trog
  1050 | D:2      | Found a shadowy altar of Dithmenos.
  1072 | D:2      | Reached XP level 4. HP: 6/49 MP: 4/4
  1075 | D:2      | HP: 2/49 [poisoned by an adder]
  1524 | D:2      | Reached skill level 5 in Fighting
  2355 | D:3      | Reached XP level 5. HP: 12/57 MP: 5/5
  2361 | D:3      | HP: 1/85 [orc wizard/magic dart (8)]
  2362 | D:3      | Slain by an orc wizard

Levels and vault maps discovered:
D:1:      dpeg_arrival_rooms_with_view, layout_loops_corners,
          grunt_decor_resistance, minmay_tromino_v2
D:2:      layout_basic, nicolae_dithmenos_through_a_glass_darkly,
          chequers_serial_rivers_micro_d
D:3:      layout_loops_ring

Skill      XL: |  1  2  3  4 |
---------------+-------------+-----
Maces & Flails | 3 4 |  4.6
Fighting       | 5 |  5.4
Dodging        | |  2.6

Action                   |  1- 3 |  4- 6 || total
-------------------------+-------+-------++-------
Melee: Mace              |    87 |    99 ||   186
Invok: Berserk           |     1 |     3 ||     4
       Trog's Hand       |       |     1 ||     1
  Use: Potion            |       |     1 ||     1
  Eat: Chunk             |       |     4 ||     4
       Ration            |       |     1 ||     1
Armor: Animal skin       |    18 |    27 ||    45
Dodge: Dodged            |    63 |    61 ||   124
